 Dungeon Crawl Stone Soup version 0.26-b1-32-g5d43845318 (webtiles) character file.

Game seed: 1789759340361497208

19 Arum the Shield-Bearer (level 2, -5/24 HPs)
             Began as a Formicid Fighter on Jan 9, 2021.
             Slain by a gnoll
             ... wielding a +0 halberd
              (15 damage)
             ... on level 1 of the Dungeon.
             The game lasted 00:00:45 (750 turns).

Arum the Shield-Bearer (Formicid Fighter)            Turns: 750, Time: 00:00:46

Health: -5/24      AC:  6    Str: 20    XL:     2   Next: 95%
Magic:  2/2        EV:  8    Int:  7    God:
Gold:   36         SH:  9    Dex: 10    Spells: 1/1 levels left

rFire    . . .     SeeInvis +   a - +0 quarterstaff
rCold    . . .     Faith    .   c - +0 kite shield
rNeg     . . .     Spirit   .   b - +0 scale mail
rPois    .         Reflect  .   (helmet unavailable)
rElec    .         Harm     .   (no cloak)
rCorr    .         Rampage  .   (no gloves)
Will     +....                  (no boots)
Stlth    ..........             (no amulet)
HPRegen  0.08/turn              j - ring of attention (curse)
MPRegen  0.08/turn              f - ring of willpower

@: no status effects
A: permanent stasis, dig shafts and tunnels, four strong arms, antennae 3
a: Dig, Shaft Self


You were on level 1 of the Dungeon.
You visited 1 branch of the dungeon, and saw 1 of its levels.

You collected 36 gold pieces.

Inventory:

Hand Weapons
 a - a +0 quarterstaff (weapon)
Armour
 b - a +0 scale mail (worn)
 c - a +0 kite shield (worn)
Jewellery
 f - a ring of willpower (right hand)
 j - a cursed ring of attention (left hand)
Scrolls
 e - a scroll of identify {unknown}
 g - a scroll of magic mapping {unknown}
 i - a scroll of fear {unknown}
Potions
 d - a potion of might
 h - a potion of lignification {unknown}


   Skills:
 + Level 3.6 Fighting
 + Level 2.3 Staves
 + Level 3.5 Armour
 + Level 4.0 Shields


You had one spell level left.
You didn't know any spells.
Your spell library was empty.

Dungeon Overview and Level Annotations

Branches:
Dungeon (1/15)

Altars:


Innate Abilities, Weirdness & Mutations

You cannot be hasted, slowed, berserked, paralysed or teleported.
You can dig through walls and to a lower floor.
Your four strong arms can wield two-handed weapons with a shield.
You have a pair of large antennae on your head. (SInv)


Message History

You closely miss the gnoll.
The gnoll is lightly wounded.
The gnoll barely misses you.
The hobgoblin hits the bush but does no damage.
You closely miss the gnoll.
The gnoll is lightly wounded.
The hobgoblin hits the bush with a +0 club.
You block the gnoll's attack.
The hobgoblin hits the bush but does no damage.
You block the gnoll's attack.
You hit the gnoll.
The gnoll is heavily wounded.
The hobgoblin hits the bush but does no damage.
You hit the gnoll.
The gnoll is almost dead.
The gnoll hits you with a +0 halberd.
The hobgoblin hits the bush but does no damage.
The gnoll hits you with a +0 halberd!
Ouch! That really hurt!
You die... ..#.# ...# ....# ..P ##......# ..#.# #PP♣.........# ....# ##...♣PP.......# .#..# ##P..P .P...... ...># #.PPP

P...... ###.#
#PP♣♣♣♣ ♣PPP.#
.##'###..PPP♣♣♣PPgg#
.......#..PP...P@#
.......##PP♣♣P...#
.......##...♣....#
.......##.#...$..#
..........#.##...#
....##.####.######
######.# .?# ..#
.### #####.


You could see a gnoll and a hobgoblin.

Vanquished Creatures
  2 leopard geckos (D:1)
  A bat (D:1)
  A giant cockroach (D:1)
  4 goblins (D:1)
  3 hobgoblins (D:1)
  A frilled lizard (D:1)
  3 rats (D:1)
15 creatures vanquished.

Notes
Turn   | Place    | Note
-------+----------+-------------------------------------------
     0 | D:1      | Arum the Formicid Fighter began the quest for the Orb.
     0 | D:1      | Reached XP level 1. HP: 18/18 MP: 1/1
   331 | D:1      | Reached XP level 2. HP: 24/24 MP: 2/2
   735 | D:1      | Reached skill level 4 in Shields
   750 | D:1      | Slain by a gnoll

Illustrated notes

Levels and vault maps discovered:
D:1:      eino_arrival_tree_alley, layout_basic, serial_forest,
          infiniplex_forest_corner_1, infiniplex_forest_clump_double,
          infiniplex_forest_clump_large, infiniplex_forest_clump_curved,
          infiniplex_forest_clump_cross, infiniplex_forest_straight_2,
          infiniplex_forest_lined_ring, nrook_loot_triangle

Skill      XL: |  1  2 |
---------------+-------+-----
Shields        | 4 |  4.0
Fighting       | |  3.6
Staves         | |  2.3
Armour         | |  3.5

Action                   || total
-------------------------++-------
Melee: Quarterstaff      ||    58
Armor: Scale mail        ||    20
Dodge: Dodged            ||    15
Block: Kite shield       ||    23
